 Dungeon Crawl Stone Soup version 0.29.0-13-gc9e81de378 (webtiles) character file.

Game seed: 8167019059473901755

457 apoch the Cleaver (level 6, -4/51 HPs)
             Began as a Minotaur Fighter on Sept 9, 2022.
             Slain by a gnoll
             ... wielding a +0 spear of distortion
              (16 damage)
             ... on level 3 of the Dungeon.
             The game lasted 00:02:52 (2975 turns).

apoch the Cleaver (Minotaur Fighter)                Turns: 2975, Time: 00:02:52

Health: -4/51      AC:  6    Str: 22    XL:     6   Next: 77%
Magic:  5/5        EV:  9    Int:  5    God:
Gold:   190        SH:  4    Dex: 10    Spells: 5/5 levels left

rFire   . . .      SeeInvis .   a - +0 war axe
rCold   . . .      Faith    .   c - +0 buckler
rNeg    . . .      Spirit   .   b - +0 scale mail
rPois   .          Reflect  .   (helmet restricted)
rElec   .          Harm     .   (no cloak)
rCorr   .          Rampage  .   (no gloves)
Will    .....                   (no boots)
Stlth   ..........              (no amulet)
HPRegen 0.17/turn               (no ring)
MPRegen 0.09/turn               (no ring)

@: no status effects
A: horns 2, retaliatory headbutt
a: no special abilities


You were on level 3 of the Dungeon.
You visited 1 branch of the dungeon, and saw 3 of its levels.

You collected 190 gold pieces.

Inventory:

Hand Weapons
 a - a +0 war axe (weapon)
 n - a +0 flail
Missiles
 h - 4 boomerangs
 l - 4 poisoned darts
Armour
 b - a +0 scale mail (worn)
 c - a +0 buckler (worn)
Wands
 r - a wand of mindburst (15)
 t - a wand of light (7)
Scrolls
 i - 2 scrolls of identify {unknown}
 o - 3 scrolls of enchant armour {unknown}
 p - 2 scrolls of teleportation {unknown}
 q - a scroll of vulnerability {unknown}
 s - 2 scrolls of torment {unknown}
 v - a scroll of immolation {unknown}
Potions
 e - a potion of mutation {unknown}
 f - 2 potions of invisibility {unknown}
 g - a potion of degeneration {unknown}
 j - 2 potions of heal wounds {unknown}
 k - 2 potions of curing {unknown}
 m - a potion of resistance {unknown}
 u - a potion of attraction {unknown}


   Skills:
 - Level 3.6 Fighting
 + Level 8.9 Axes
 - Level 3.6 Armour
 - Level 3.6 Shields


You had 5 spell levels left.
You didn't know any spells.
Your spell library contained the following spells:

 Spells                   Type           Power      Damage    Failure   Level
 Blink                    Tloc           0%         N/A       95%         2
 Ignite Poison            Fire/Tmut/Pois 0%         N/A       99%         3
 Lesser Beckoning         Tloc           0%         N/A       99%         3
 Mephitic Cloud           Conj/Pois/Air  0%         N/A       99%         3
 Cause Fear               Hex            0%         N/A       100%        4
 Freezing Cloud           Conj/Ice/Air   0%         6-21      100%        5
 Manifold Assault         Tloc           0%         N/A       100%        5
 Dragon Form              Tmut           0%         N/A       100%        7
 Dragon's Call            Summ           0%         N/A       100%        9


Dungeon Overview and Level Annotations

Branches:
Dungeon (3/15)

Altars:
Nemelex Xobeh


Innate Abilities, Weirdness & Mutations

You have a pair of horns on your head.
You reflexively headbutt those who attack you in melee.


Message History

a ball python corpse; an adder corpse; a ball python corpse
There is an open door here.
A gnoll comes into view.
It is wielding a +0 spear of distortion.
The gnoll shouts!
You hear a shout!
A gnoll comes into view. It is wielding a +0 club.
The gnoll hits you but does no damage. Space warps horribly around you!
You closely miss the gnoll. You hit the gnoll.
The gnoll is lightly wounded.
You hit the gnoll.
The gnoll hits you with a +0 spear of distortion.
You blink.
You slash the gnoll!
The gnoll is severely wounded.
The gnoll closely misses you.
You hit the gnoll.
You headbutt the gnoll, but do no damage.
The gnoll is almost dead.
The gnoll hits you from afar with a +0 spear of distortion.
Space warps around you. The gnoll closely misses you.
You completely miss the gnoll.
You headbutt the gnoll, but do no damage.
The gnoll is almost dead.
The gnoll hits you from afar with a +0 spear of distortion.
Space warps around you. The gnoll hits you with a +0 club.
You slash the gnoll!
You kill the gnoll!
The gnoll hits you but does no damage. The gnoll barely misses you.
Things that are here:
a +0 club; a gnoll corpse You hit the gnoll.
You headbutt the gnoll.
The gnoll is severely wounded.
The gnoll hits you with a +0 spear of distortion.
Space warps around you.
* * * LOW HITPOINT WARNING * * *
You closely miss the gnoll. Your headbutt misses the gnoll.
The gnoll is severely wounded.
The gnoll hits you but does no damage. Space warps horribly around you!
You die...

#........##.#...#...##.....#
..........##.##..#.####.....#
.........[##.##....####.....#
....########......>รท..#.....#####
.... #......).............#
#..........#.....###.#
#.###.....##.....# #.# #.#
#.###.##...[.# #.# #.# #@#
#.######## #.# #.# #g# #.# #.#
#.#...# #.# #.# #.### #.# #.# #.
#.# #.# # #.# #.# #.# #.# #.# #.#
#.##########.#


You could see a gnoll.

Vanquished Creatures
  Sigmund (D:3)
  A phantom (D:3)
  Ijyb (D:3)
  Robin (D:3)
  7 adders
  6 gnolls
  2 worms
  13 ball pythons
  6 endoplasms
  A giant cockroach (D:2)
  12 goblins
  5 hobgoblins
  A quokka (D:3)
  7 bats
  5 frilled lizards
  4 kobolds
  3 rats
76 creatures vanquished.

Vanquished Creatures (others)
  2 plants (D:3)
2 creatures vanquished.

Grand Total: 78 creatures vanquished

Notes
Turn   | Place    | Note
-------+----------+-------------------------------------------
     0 | D:1      | apoch the Minotaur Fighter began the quest for the Orb.
     0 | D:1      | Reached XP level 1. HP: 19/19 MP: 0/0
    14 | D:1      | Noticed an electric eel
   171 | D:1      | Reached skill level 3 in Axes
   281 | D:1      | Reached XP level 2. HP: 26/26 MP: 1/1
   938 | D:2      | Reached skill level 4 in Axes
   950 | D:2      | Reached XP level 3. HP: 20/31 MP: 2/2
  1430 | D:2      | Reached skill level 5 in Axes
  1433 | D:2      | Reached XP level 4. HP: 31/39 MP: 3/3
  1941 | D:3      | Noticed a phantom
  1952 | D:3      | Killed a phantom
  1953 | D:3      | Reached skill level 6 in Axes
  1953 | D:3      | Reached XP level 5. HP: 43/45 MP: 4/4
  1986 | D:3      | Reached skill level 7 in Axes
  2005 | D:3      | Noticed Robin
  2009 | D:3      | Killed Robin
  2082 | D:3      | Found a sparkling altar of Nemelex Xobeh.
  2118 | D:3      | Noticed Ijyb
  2135 | D:3      | Killed Ijyb
  2291 | D:3      | Noticed Sigmund
  2299 | D:3      | Killed Sigmund
  2300 | D:3      | Reached skill level 8 in Axes
  2300 | D:3      | Reached XP level 6. HP: 42/51 MP: 5/5
  2975 | D:3      | Slain by a gnoll

Illustrated notes

Levels and vault maps discovered:
D:1:      arrival_aquarium_a, layout_basic
D:2:      layout_rooms, serial_forest, infiniplex_forest_lined_room_,
          infiniplex_forest_straight_3, infiniplex_forest_zigzag_1,
          infiniplex_forest_clump_tiny, infiniplex_forest_clump_long,
          infiniplex_forest_straight_2
D:3:      layout_basic, amcnicky_altar_gilded, minmay_crystal_water,
          minmay_shallow_snake_nest, uniq_ijyb, uniq_sigmund, uniq_robin

Skill      XL: |  1  2  3  4  5 |
---------------+----------------+-----
Axes           | 3 4 5 6 8 |  8.9
Fighting       | |  3.6
Armour         | |  3.6
Shields        | |  3.6

Action                   |  1- 3 |  4- 6 || total
-------------------------+-------+-------++-------
Melee: War axe           |    70 |   106 ||   176
       Headbutt          |     4 |    14 ||    18
Throw: Stone             |     5 |    18 ||    23
  Use: Potion            |       |     1 ||     1
Armor: Scale mail        |    23 |    28 ||    51
Dodge: Dodged            |    32 |    38 ||    70
Block: Buckler           |    16 |    18 ||    34
